 Dungeon Crawl Stone Soup version 0.24.1-14-gf8d2b509d9 (webtiles) character file.

Game seed: 15217818263044025440, levelgen mode: deterministic

1430 Ejeck the Spear-Bearer (level 8, -10/58 HPs)
             Began as a Merfolk Berserker on May 29, 2020.
             Was a Priest of Trog.
             Mangled by an orc warrior
             ... wielding a +0 trident
              (28 damage)
             ... on level 7 of the Dungeon.
             The game lasted 00:13:26 (5739 turns).

Ejeck the Spear-Bearer (Merfolk Berserker)          Turns: 5739, Time: 00:13:27

Health: -10/58     AC:  8    Str: 20    XL:     8   Next: 73%
Magic:  8/8        EV: 13    Int:  6    God:    Trog [***...]
Gold:   430        SH:  0    Dex: 13    Spells: 7/7 levels left

rFire    . . .     SeeInvis .   a - +1 spear
rCold    + . .     Gourm    .   (no shield)
rNeg     . . .     Faith    .   x - +3 leather armour {rC+}
rPois    .         Spirit   .   C - +0 helmet
rElec    .         Reflect  .   c - +0 cloak
rCorr    +         Harm     .   (no gloves)
MR       +++..                  (no boots)
Stlth    +.........             (no amulet)
HPRegen  1.19/turn              n - ring of protection from magic
MPRegen  0.11/turn              B - ring of resist corrosion

@: berserk cooldown, regenerating, hasted and slowed
A: change form in water, swift swim, stealthy swim
a: Berserk, Trog's Hand, Renounce Religion


You were on level 7 of the Dungeon.
You worshipped Trog.
Trog was most pleased with you.
You were not hungry.

You visited 1 branch of the dungeon, and saw 7 of its levels.

You collected 430 gold pieces.

Inventory:

Hand Weapons
 a - a +1 spear (weapon)
Armour
 c - a +0 cloak (worn)
 x - a +3 leather armour of cold resistance (worn)
 C - a +0 helmet (worn)
Jewellery
 n - a ring of protection from magic (left hand)
 A - an uncursed ring of ice
 B - a ring of resist corrosion (right hand)
Wands
 q - a wand of acid (11)
 v - a wand of digging (5)
 y - a wand of flame (15)
Scrolls
 b - 5 scrolls of remove curse
 d - 2 scrolls of identify
 h - 2 scrolls of teleportation
 l - a scroll of noise
 t - a scroll of immolation
 w - a scroll of enchant weapon
Potions
 e - 2 potions of heal wounds
 g - a potion of magic {unknown}
 i - 4 potions of degeneration {unknown}
 j - a potion of flight {unknown}
 k - 2 potions of agility {unknown}
 p - 5 potions of curing
 r - 2 potions of haste
 s - a potion of berserk rage
 u - a potion of lignification {unknown}
 z - a potion of invisibility {unknown}
Comestibles
 D - 7 rations


   Skills:
 + Level 3.5 Fighting
 - Level 14.2 Polearms
 * Level 1.9 Armour
 + Level 3.2 Dodging
 + Level 1.0 Evocations


You had 7 spell levels left.
You didn't know any spells.
Your spell library was empty.

Dungeon Overview and Level Annotations

Branches:
Dungeon (7/15)             Temple (0/1) D:5

Altars:
Ashenzari
Elyvilon
Qazlal
Uskayaw
Vehumet
Wu Jian
Yredelemnul

Shops:
D:4 *

Annotations:
D:6 exclusion: statue


Message History

You closely miss the orc warrior.
The orc warrior is lightly wounded.
The orc warrior barely misses you.
You hear some strange, mumbled words.
You hear a bark!
You hit the orc warrior.
The orc warrior is lightly wounded.
The orc warrior hits you with a +0 trident!!
* * * LOW HITPOINT WARNING * * *
Okay, then.
You feel much better.
A jackal comes into view.
The orc warrior hits you with a +0 trident!!
* * * LOW HITPOINT WARNING * * *
Your skin crawls.
You feel resistant to hostile enchantments.
You feel somewhat more hungry.
You feel sick.
You are no longer poisoned.
The orc warrior closely misses you.
The orc warrior hits you with a +0 trident!!
You die...

*,,,,,** *,* *********..*
*,* *,,,* *#.* *,* *,,,*
#.#* *,* *>,,* *..* *,*
*****,,,* *#.* *,*
,,,**,,,** #.## *,*
,,,,,,,,,* #..# *,*
,,,,,,,,,* *#@## *,*
**,,,,,,,* #o.# *,*
*,,,,,,,***** ##)####,*
*,,,,,,,,,,,**#.Wo.[#,*
*,,,,,,,**#....hK..W#,*
*,,,,,,,,,#......$..#,*
******,*,...........#,*
*,*,######.....#,**********
*,,,,,,,,.<.....,,,,,,,,,,,


You could see a phantom, an orc warrior (berserk), an orc and a kobold.

Vanquished Creatures
  An ice beast (D:4)
  2 sky beasts (D:6)
  An ogre (D:5)
  A centaur (D:4)
  A big kobold (D:7)
  A bullfrog (D:6)
  2 scorpions
  A crimson imp (D:6)
  A bullfrog zombie (D:5)
  A quasit (D:6)
  Crazy Yiuf (D:6)
  A centaur zombie (D:5)
  A centaur skeleton (D:4)
  A jelly (D:6)
  A hound (D:6)
  5 iguanas
  6 worker ants
  A hound skeleton (D:5)
  A howler monkey skeleton (D:4)
  12 adders
  An ooze (D:4)
  2 adder skeletons (D:4)
  A worm (D:3)
  2 dart slugs
  4 leopard geckos
  9 orcs
  2 ball pythons
  7 giant cockroaches
  11 hobgoblins
  8 kobolds
  3 quokkas (D:4)
  6 bats
  2 frilled lizards
  2 gnoll zombies (D:5)
  5 goblins
  A quokka skeleton (D:6)
  10 rats
118 creatures vanquished.

Notes
Turn   | Place    | Note
-------+----------+-------------------------------------------
     0 | D:1      | Ejeck the Merfolk Berserker began the quest for the Orb.
     0 | D:1      | Reached XP level 1. HP: 18/18 MP: 1/1
    38 | D:1      | Reached skill level 5 in Polearms
    41 | D:1      | Reached XP level 2. HP: 7/24 MP: 2/2
   658 | D:1      | Reached ** piety under Trog
   719 | D:2      | Reached skill level 6 in Polearms
   719 | D:2      | Reached XP level 3. HP: 28/29 MP: 3/3
  1159 | D:2      | Found a hide-covered altar of Uskayaw.
  1171 | D:2      | Reached skill level 7 in Polearms
  1171 | D:2      | Reached XP level 4. HP: 26/35 MP: 4/4
  1379 | D:2      | Found a shattered altar of Ashenzari.
  1927 | D:3      | Reached skill level 8 in Polearms
  2107 | D:3      | Found a faded altar of an unknown god.
  2121 | D:3      | Reached XP level 5. HP: 37/41 MP: 5/5
  2198 | D:3      | Found a stormy altar of Qazlal.
  2670 | D:4      | Reached *** piety under Trog
  2670 | D:4      | Reached skill level 9 in Polearms
  2946 | D:4      | Reached XP level 6. HP: 33/47 MP: 6/6
  3296 | D:4      | Reached skill level 10 in Polearms
  3591 | D:4      | Noticed an ice beast
  3601 | D:4      | Killed an ice beast
  3601 | D:4      | Reached skill level 11 in Polearms
  3601 | D:4      | Reached XP level 7. HP: 52/52 MP: 7/7
  3707 | D:4      | Found Emoxt's Elemental Accessories.
  3872 | D:5      | Entered Level 5 of the Dungeon
  3976 | D:5      | Found an ornate altar of the Wu Jian Council.
  3997 | D:5      | Found a staircase to the Ecumenical Temple.
  4407 | D:5      | Reached skill level 12 in Polearms
  4493 | D:5      | Found a basalt altar of Yredelemnul.
  4804 | D:6      | Found a white marble altar of Elyvilon.
  4832 | D:6      | Reached XP level 8. HP: 42/58 MP: 8/8
  4883 | D:6      | Reached skill level 13 in Polearms
  5542 | D:6      | Found a radiant altar of Vehumet.
  5590 | D:6      | Reached skill level 14 in Polearms
  5601 | D:6      | Found a runed translucent door.
  5602 | D:6      | Noticed Crazy Yiuf
  5623 | D:6      | Killed Crazy Yiuf
  5729 | D:7      | Reached skill level 1 in Evocations
  5739 | D:7      | Mangled by an orc warrior

Levels and vault maps discovered:
D:1:      mainiacjoe_arrival_reflecting_pool, layout_basic
D:2:      layout_rooms, ashenzari_conservatory_becter, old_standard_altar,
          minmay_3d_cube
D:3:      layout_loops_ring, lemuel_doored_altar,
          chequers_ecumenical_altar_simple_redux, minmay_unequal
D:4:      minmay_diamond_boxcup, layout_basic, nicolae_elemental_shop,
          minmay_small_thing
D:5:      layout_basic, lemuel_crystal_altar, lemuel_zombie_altar_yredelemnul,
          minmay_temple_entry_sparse_star, first_ration
D:6:      layout_rooms, vehumet_statue, nicolae_overflow_hidden_temple,
          elyvilon_altar_4, minivault_24, uniq_crazy_yiuf_cottage
D:7:      layout_basic, okawaru_trees_1, uniq_joseph

Skill      XL: |  1  2  3  4  5  6  7  8 |
---------------+-------------------------+-----
Polearms       | 5 6 7 8 9 11 12 14 | 14.2
Dodging        | 3 |  3.2
Evocations     | 1 |  1.0
Fighting       | |  3.5
Armour         | |  1.9

Action                   |  1- 3 |  4- 6 |  7- 9 || total
-------------------------+-------+-------+-------++-------
Melee: Spear             |   121 |   240 |   315 ||   676
Invok: Berserk           |     1 |     2 |     2 ||     5
       Trog's Hand       |       |       |     3 ||     3
  Use: Scroll            |       |       |    15 ||    15
       Potion            |       |       |     4 ||     4
  Eat: Ration            |     1 |     2 |     3 ||     6
       Chunk             |       |       |     2 ||     2
Armor: Animal skin       |     3 |       |       ||     3
       Ring mail         |    31 |    57 |     7 ||    95
       Leather armour    |       |       |    36 ||    36
Dodge: Dodged            |    72 |   104 |   106 ||   282
